[Event "European Rapid Championship 2021"]
[Site "Katowice"]
[Date "2021.12.18"]
[Round "1.7"]
[White "Papasimakopoulos, Alexandros"]
[Black "Buchta, Agnieszka"]
[Result "1-0"]
[ECO "E32"]
[WhiteElo "2274"]
[BlackElo "1919"]
[Annotator "NA RC"]
[PlyCount "67"]
[EventDate "2021.12.18"]
[EventType "swiss"]
[EventCountry "POL"]
[SourceTitle "playchess.com"]
[Source "ChessBase"]
[SourceQuality "1"]
[TimeControl "900+10"]

1. d4 Nf6 2. c4 e6 3. Nc3 Bb4 4. Qc2 Bxc3+ 5. Qxc3 Ne4 6. Qc2 f5 7. Nh3 b6 8. f3 Nf6 9. e3 Bb7 10. Be2 d6 11. O-O Nbd7 12. Bd2 Qe7 13.
b4 h6 14. Nf4 Kf7 15. d5 e5 16. Ne6 g6 17. e4 f4 18. Nxc7 Rac8 19. Nb5 a6 20.
Na7 Rc7 21. Qa4 Nb8 22. b5 Bxd5 23. cxd5 Rxa7 24. bxa6 Rc8 25. Rfc1 Rcc7 26. Rxc7 Qxc7 27. Rc1 Qd8 28.
Bb4 Ke7 29. Qa3 Ne8 30. Qc3 Nc7 31. Qxe5+ Kf7 32. Qxf4+ Kg7 33. Bxd6 Nbxa6 34. Be5+ 1-0

[Event "European Rapid Championship 2021"]
[Site "Katowice"]
[Date "2021.12.18"]
[Round "1.9"]
[White "Druckenthaner, Andreas"]
[Black "Kotowicz, Kamil"]
[Result "1-0"]
[ECO "B10"]
[WhiteElo "2291"]
[BlackElo "1765"]
[Annotator "NA RC"]
[PlyCount "53"]
[EventDate "2021.12.18"]
[EventType "swiss"]
[EventCountry "POL"]
[SourceTitle "playchess.com"]
[Source "ChessBase"]
[SourceQuality "1"]
[TimeControl "900+10"]

1. e4 c6 2. d3 d5 3. Qe2 e6 4. Nf3 Nf6 5. g3 Be7 6. Bg2 O-O 7. O-O b6 8. e5 Nfd7 9. Bf4 c5 10. c4 Bb7 11. Nc3 dxc4 12. dxc4 a6 13. Rad1 Qc8 14. Bg5 Bxg5 15. Nxg5 Bxg2 16. Kxg2 h6 17. Qe4 Qc6 18. Nd5 f5 19. exf6 Nxf6 20. Ne7+ Kh8 21. Ng6+ Kg8 22. Ne7+ Kh8 23. Nf7+ Rxf7 24. Rd8+ Qe8 25. Rxe8+ Nxe8 26. Ng6+ Kg8 27. Qxa8 1-0

[Event "European Rapid Championship 2021"]
[Site "Katowice"]
[Date "2021.12.18"]
[Round "1.11"]
[White "Szpar, Milosz"]
[Black "Zajac, Karol"]
[Result "1-0"]
[ECO "B30"]
[WhiteElo "2315"]
[BlackElo "1606"]
[Annotator "NA RC"]
[PlyCount "65"]
[EventDate "2021.12.18"]
[EventType "swiss"]
[EventCountry "POL"]
[SourceTitle "playchess.com"]
[Source "ChessBase"]
[SourceQuality "1"]
[TimeControl "900+10"]

1. e4 c5 2. Nf3 Nc6 3. Bb5 Nf6 4. Nc3 d6 5. d4 cxd4 6.
Qxd4 Bd7 7. Bxc6 Bxc6 8. Bg5 e6 9. O-O-O Be7 10. Qd3 Qa5 11.
h4 Rc8 12. Nd4 a6 13. f4 h6 14. Bxf6 gxf6 15. f5 e5 16. Nb3 Qc7 17. g4 h5 18. gxh5 b5 19. a3 Qb7 20. Na5 Qb6 21. Nxc6 Rxc6 22. Qg3 Bf8 23. Nd5 Qc5 24. Nxf6+ Kd8 25. Qd3 b4 26. a4 b3 27. Qxb3 Rb6 28. Qxf7 Bh6+ 29. Kb1 Rh7 30. Qg8+ Kc7 31. Nd5+ Kc6 32. Qc8+ Rc7 33. Ne7# 1-0

[Event "European Rapid Championship 2021"]
[Site "Katowice"]
[Date "2021.12.18"]
[Round "1.13"]
[White "Kyc, Jerzy"]
[Black "Zarzecki, Dymitr"]
[Result "1-0"]
[ECO "B44"]
[WhiteElo "2308"]
[BlackElo "1579"]
[Annotator "NA RC"]
[PlyCount "101"]
[EventDate "2021.12.18"]
[EventType "swiss"]
[EventCountry "POL"]
[SourceTitle "playchess.com"]
[Source "ChessBase"]
[SourceQuality "1"]
[TimeControl "900+10"]

1. e4 c5 2. Nf3 e6 3. d4 cxd4 4. Nxd4 Nc6 5. Nb5 a6 6. Nd6+ Bxd6 7. Qxd6 Qe7 8. Qc7 d5 9. Qxe7+ Ngxe7 10. Nc3 Nb4 11. Bd3 Nxd3+ 12. cxd3 d4 13. Na4 Bd7 14. Nb6 Rd8 15. Bf4 Nc8 16. Nc4 b5 17. Na5 O-O 18. Bc7 Rde8 19. Be5 f5 20. Bxd4 fxe4 21. dxe4 e5 22. Bc5 Rf4 23. f3 Ne7 24. Bxe7 Rxe7 25. Rc1 Be6 26. Ke2 g5 27. Rc5 Bd7 28. Rd1 b4 29. Rdd5 Bb5+ 30. Ke3 Bf1 31. Rxe5 Rxe5 32. Rxe5 h6 33. g3 Rf6 34. Nb7 Rc6 35. Nc5 a5 36. f4 gxf4+ 37. gxf4 Bc4 38. a3 Bf7 39. f5 bxa3 40. bxa3 h5 41. Kf4 Rb6 42. Nd7 Rb2 43.
Rxa5 Rxh2 44. Ne5 Bb3 45. f6 Rf2+ 46. Kg5 h4 47. Ra8+ Kh7 48.
Ra7+ Kg8 49. Ng6 Rg2+ 50. Kh6 h3 51. Rg7# 1-0

[Event "European Rapid Championship 2021"]
[Site "Katowice"]
[Date "2021.12.18"]
[Round "1.15"]
[White "Lubczynski, Rafal"]
[Black "Kazmerika, Anna"]
[Result "1-0"]
[ECO "A06"]
[WhiteElo "2289"]
[BlackElo "1825"]
[Annotator "NA RC"]
[PlyCount "47"]
[EventDate "2021.12.18"]
[EventType "swiss"]
[EventCountry "POL"]
[SourceTitle "playchess.com"]
[Source "ChessBase"]
[SourceQuality "1"]
[TimeControl "900+10"]

1. Nf3 d5 2. c4 c6 3. g3 Nf6 4. Bg2 Bg4 5. b3 Nbd7 6. Bb2 e6 7. O-O Bd6 8. d3 O-O 9. Nbd2 e5 10. h3 Bh5 11. Nh4 Re8 12. Nf5 Bf8 13. Nf3 e4 14. dxe4 Nxe4 15. cxd5 cxd5 16. Qxd5 Ndc5 17. Nh6+ gxh6 18. Qxh5 Ne6 19. Ne5 N4g5 20. h4 Ng7 21. Qxh6 N5e6 22. Rfd1 Qb6 23. Nd7 Qa6 24. Nf6+ 1-0

[Event "European Rapid Championship 2021"]
[Site "Katowice"]
[Date "2021.12.18"]
[Round "1.17"]
[White "Budrewicz, Krzysztof"]
[Black "Hlavina, Matous"]
[Result "1/2-1/2"]
[ECO "D90"]
[WhiteElo "2281"]
[BlackElo "2090"]
[Annotator "NA RC"]
[PlyCount "57"]
[EventDate "2021.12.18"]
[EventType "swiss"]
[EventCountry "POL"]
[SourceTitle "playchess.com"]
[Source "ChessBase"]
[SourceQuality "1"]
[TimeControl "900+10"]

1. d4 Nf6 2. c4 g6 3. Nc3 d5 4. Nf3 Bg7 5. h4 O-O 6. cxd5 Nxd5 7. h5 c5 8.
hxg6 hxg6 9. Bh6 Nxc3 10. bxc3 Bxh6 11. Rxh6 Kg7 12. Rh4 cxd4 13. Qd2 Rh8 14. Rxh8 Qxh8 15. cxd4 Qh5 16. Qc3 Nd7 17. e4 Nf6 18. d5 Bg4 19. Nd4 Rc8 20. Qb2 Kh7 21. f3 Bd7 22. Kf2 Qh2 23.
Rc1 Qf4 24. Rxc8 Nxe4+ 25. Kg1 Qe3+ 26. Kh2 Qh6+ 27. Kg1 Qe3+ 28. Kh2 Qh6+ 29. Kg1 1/2-1/2

[Event "European Rapid Championship 2021"]
[Site "Katowice"]
[Date "2021.12.18"]
[Round "1.18"]
[White "Swiatek, Mateusz"]
[Black "Jagodzinski, Piotr"]
[Result "0-1"]
[ECO "B15"]
[WhiteElo "1569"]
[BlackElo "2145"]
[Annotator "RC"]
[PlyCount "102"]
[EventDate "2021.12.18"]
[EventType "swiss"]
[EventCountry "POL"]
[SourceTitle "playchess.com"]
[Source "ChessBase"]
[SourceQuality "1"]
[TimeControl "900+10"]

1. e4 c6 2. d4 d5 3. Nc3 dxe4 4. Nxe4 Nf6 5. Ng3 e5 6. Be3 Ng4 7. dxe5 Qa5+ 8. Bd2 Qxe5+ 9. Qe2 Bc5 10. Qxe5+ Nxe5 11. f3 O-O 12. O-O-O Be6 13. Bc3 Nbd7 14. Ne4 Be7 15. b3 a5 16. a4 Bd5 17. Nf2 Rfe8 18. Ne2 Bc5 19. Nd3 Be3+ 20. Kb2 Ng6 21. Bd4 h5 22. Bxe3 Rxe3 23. Ndf4 Nxf4 24. Nxf4 Nf6 25. Bd3 g5 26. Nxd5 Nxd5 27. Be4 Nf6 28. Rhe1 Rxe1 29. Rxe1 Re8 30. Kc3 Nxe4+ 31. Rxe4 Rxe4 32. fxe4 Kg7 33. Kd4 Kf6 34. h3 h4 35. c3 Ke6 36. Kd3 Kd6 37. Kd4 b6 38. Kd3 Kc5 39. Kd2 b5 40. Kd3 bxa4 41. bxa4 f6 42. Kd2 Kc4 43. Kc2 c5 44. Kd2 Kb3 45. Kd3 Kxa4 46. Kc4 Ka3 47. Kxc5 Kb3 48. c4 a4 49. Kb5 a3 50. c5 a2 51. c6 a1=Q 0-1

[Event "European Rapid Championship 2021"]
[Site "Katowice"]
[Date "2021.12.18"]
[Round "1.21"]
[White "Kowalski, Igor"]
[Black "Lechowski, Witold"]
[Result "1-0"]
[ECO "A48"]
[WhiteElo "2263"]
[BlackElo "1688"]
[Annotator "NA RC"]
[PlyCount "43"]
[EventDate "2021.12.18"]
[EventType "swiss"]
[EventCountry "POL"]
[SourceTitle "playchess.com"]
[Source "ChessBase"]
[SourceQuality "1"]
[TimeControl "900+10"]

1. d4 Nf6 2. Nf3 g6 3. Nc3 d5 4. Bf4 Bg7 5. e3 O-O 6. h4 h5 7. Ne5 Nbd7 8. Be2 Nb6 9. g4 Bxg4 10. Nxg4 Nxg4 11. Bxg4 hxg4 12. Qxg4 Qc8 13. Qg3 c6 14. h5 Qf5 15. O-O-O Nd7 16. Rdg1 e5 17. dxe5 Nxe5 18. hxg6 Nxg6 19. Qh2 Rfd8 20. Bd6 Nh4 21. Qxh4 Rxd6 22. Qh8# 1-0

[Event "European Rapid Championship 2021"]
[Site "Katowice"]
[Date "2021.12.18"]
[Round "1.23"]
[White "Kuegel, Tobias"]
[Black "Musial, Igor"]
[Result "1-0"]
[ECO "B20"]
[WhiteElo "2242"]
[BlackElo "1796"]
[Annotator "RC"]
[PlyCount "105"]
[EventDate "2021.12.18"]
[EventType "swiss"]
[EventCountry "POL"]
[SourceTitle "playchess.com"]
[Source "ChessBase"]
[SourceQuality "1"]
[TimeControl "900+10"]

1. e4 c5 2. c4 Nc6 3. Ne2 e5 4. d3 d6 5. Nbc3 g6 6. g3 Bg7 7. Bg2 Nge7 8. O-O O-O 9. Nd5 Be6 10. Rb1 f5 11. a3 Nd4 12. Nxd4 cxd4 13. Bg5 Bxd5 14. cxd5 h6 15. Bd2 Qb6 16. Qa4 Rac8 17. b4 a6 18. Rbc1 Qb5 19. Qxb5 axb5 20. Bh3 Kf7 21. f4 exf4 22. Bxf4 g5 23. Bxd6 Rxc1 24. Rxc1 fxe4 25. Be6+ Ke8 26. Rc7 Bf6 27. Rxb7 Ng6 28. Rb8+ Bd8 29. Bxf8 Nxf8 30. dxe4 Ke7 31. e5 Ng6 32. Rb7+ Kf8 33. Rb8 Ke7 34. d6+ Kxe6 35. Rxd8 Nxe5 36. Kf1 Nf7 37. Rb8 Nxd6 38. Rh8 Nf5 39. Ke2 Kd5 40. Kd3 Ke5 41. Rb8 Nd6 42. Rb6 Kd5 43. g4 Ke5 44. Rxd6 Kxd6 45. Kxd4 Ke6 46. Kc5 Ke5 47. Kxb5 Kf4 48. a4 Kxg4 49. a5 Kh3 50. a6 Kxh2 51. a7 g4 52. a8=Q h5 53. Qh8 1-0

[Event "European Rapid Championship 2021"]
[Site "Katowice"]
[Date "2021.12.18"]
[Round "1.24"]
[White "Wieckowski, Michal"]
[Black "Tymrakiewicz, Rafal"]
[Result "1-0"]
[ECO "B02"]
[WhiteElo "1698"]
[BlackElo "2250"]
[Annotator "RC"]
[PlyCount "177"]
[EventDate "2021.12.18"]
[EventType "swiss"]
[EventCountry "POL"]
[SourceTitle "playchess.com"]
[Source "ChessBase"]
[SourceQuality "1"]
[TimeControl "900+10"]

1. e4 Nf6 2. Nc3 d5 3. exd5 Nxd5 4. Bc4 e6 5. Nf3 c5 6. O-O Nxc3 7. dxc3 Bd6 8. Ng5 h6 9. Qh5 O-O 10. Ne4 Be7 11. Be3 Nd7 12. Rad1 Qe8 13. Bb5 a6 14. Bxd7 Bxd7 15. Bxc5 Bxc5 16. Qxc5 Bc6 17. Nd6 Qe7 18. Ne4 Qh4 19. Ng3 Rac8 20. Qd4 Qg5 21. Qd2 Qg6 22. Qd3 f5 23. Rfe1 Rf6 24. f3 Re8 25. Re5 Qg5 26. Qd2 Qh4 27. Ne2 g5 28. Nd4 Bd7 29. g3 Qh5 30. Rde1 Qf7 31. Kg2 Kg7 32. Qd3 g4 33. f4 h5 34. Kg1 h4 35. Kf2 Rh6 36. Ke3 hxg3 37.
hxg3 Rh3 38. Kd2 Rhh8 39. Kc1 Rh6 40. Kb1 Rf6 41. Kc1 Rc8 42.
Rh1 Bc6 43. Nxc6 Rxc6 44. Qd2 Rh6 45. Rxh6 Kxh6 46. Qh2+ Kg7 47. Qh4 Qf6 48. Qxf6+ Kxf6 49. Kd2 Rc7 50. Re2 Rh7 51. Ke3 Rh1 52. Kd2 Rg1 53. Re3 Ke7 54. c4 b6 55. b4 a5 56. a3 Kd6 57.
Rd3+ Kc6 58. Re3 Kd6 59. Rd3+ Ke7 60. Re3 axb4 61. axb4 Rg2+ 62. Kd3 Kd6 63. Kc3 Rg1 64. Rd3+ Ke7 65. Re3 Kf6 66. c5 bxc5 67. bxc5 Ke7 68. Kc4 Rg2 69. c3 Kd7 70. Kd4 Rd2+ 71. Rd3 Rg2 72. Ke5+ Ke7 73. Kd4 Re2 74. Re3 Rd2+ 75. Rd3 Re2 76. Re3 Rd2+ 77. Rd3 Ra2 78. Kc4 Ra8 79. c6 e5 80. fxe5 Ke6 81. Kc5 Ra5+ 82. Kb6 Ra4 83.
Rd4 Ra3 84. c4 Rb3+ 85. Kc5 Rb8 86. c7 Rc8 87. Kc6 Kxe5 88.
Rf4 Ke6 89. Kb7 1-0

[Event "European Rapid Championship 2021"]
[Site "Katowice"]
[Date "2021.12.18"]
[Round "1.26"]
[White "Czuprynski, Janusz"]
[Black "Wisniewski, Michal"]
[Result "0-1"]
[ECO "A45"]
[WhiteElo "1536"]
[BlackElo "2248"]
[Annotator "NA RC"]
[PlyCount "58"]
[EventDate "2021.12.18"]
[EventType "swiss"]
[EventCountry "POL"]
[SourceTitle "playchess.com"]
[Source "ChessBase"]
[SourceQuality "1"]
[TimeControl "900+10"]

1. d4 Nf6 2. Bf4 c5 3. e3 Qb6 4. Nc3 cxd4 5. Nb5 Qa5+ 6. c3 dxc3 7. Bc7 Qb4 8. bxc3 Qc5 9. Qd4 Na6 10. Qxc5 Nxc5 11. Bg3 Ne6 12. Nf3 a6 13. Nc7+ Nxc7 14. Bxc7 d6 15. c4 g6 16. Bd3 Bg7 17. Rc1 Nd7 18. O-O O-O 19. Rc2 Nc5 20. Be2 Bf5 21. Rcc1 Rac8 22. Ba5 Bd3 23. Bxd3 Nxd3 24. Rc2 Rc5 25. Rd1 Nxf2 26. Kxf2 Rxa5 27. Rd5 Ra4 28. Ne1 Rc8 29. c5 dxc5 0-1

[Event "European Rapid Championship 2021"]
[Site "Katowice"]
[Date "2021.12.18"]
[Round "1.27"]
[White "Zakrzewski, Marek"]
[Black "Zalega, Maciej"]
[Result "1-0"]
[ECO "A16"]
[WhiteElo "2239"]
[BlackElo "1985"]
[Annotator "RC"]
[PlyCount "89"]
[EventDate "2021.12.18"]
[EventType "swiss"]
[EventCountry "POL"]
[SourceTitle "playchess.com"]
[Source "ChessBase"]
[SourceQuality "1"]
[TimeControl "900+10"]

1. c4 Nf6 2. Nc3 g6 3. g3 Bg7 4. Bg2 d6 5. Nf3 O-O 6. O-O Nc6 7. Rb1 a5 8. a3 e5 9. d3 Re8 10. b4 axb4 11. axb4 e4 12. dxe4 Nxe4 13. Nd5 Be6 14. Bb2 Bxb2 15. Rxb2 Bxd5 16. cxd5 Qf6 17. Rb3 Ne5 18. Qc2 Ng4 19. h3 Ngxf2 20. Rxf2 Nxf2 21. Kxf2 Re7 22. Qb2 Qf5 23. Rd3 Rae8 24. Bf1 Re5 25. Qd2 h5 26. Kg2 Re4 27. b5 Kg7 28. Qc3+ Kg8 29. Kf2 h4 30. gxh4 R8e7 31. Kg2 Re8 32. Qd2 Kg7 33. Rc3 R8e7 34. Qg5 Rxe2+ 35. Bxe2 Rxe2+ 36. Kg3 Qb1 37. Qc1 Qxb5 38. Nd4 Rg2+ 39. Kxg2 Qxd5+ 40. Nf3 c5 41. Qd2 Qe6 42. Rd3 c4 43. Rxd6 Qf5 44. Qc3+ Kh7 45. Qxc4 1-0

[Event "European Rapid Championship 2021"]
[Site "Katowice"]
[Date "2021.12.18"]
[Round "2.1"]
[White "Teclaf, Pawel"]
[Black "Galuszka, Tomasz"]
[Result "1-0"]
[ECO "A00"]
[WhiteElo "2345"]
[BlackElo "1886"]
[Annotator "NA"]
[PlyCount "61"]
[EventDate "2021.12.18"]
[EventType "swiss"]
[EventCountry "POL"]
[SourceTitle "playchess.com"]
[Source "ChessBase"]
[SourceQuality "1"]
[TimeControl "900+10"]

1. b4 c6 2. Bb2 Qb6 3. a3 a5 4. c4 d6 5. Nc3 axb4 6. Na4 Qc7 7. axb4 Nf6 8. Nf3 g6 9. g3 Bg7 10. Bg2 O-O 11. O-O Bg4 12. Qb3 Nbd7 13.
h3 Bxf3 14. Bxf3 e5 15. d3 h5 16. Nc3 h4 17. gxh4 Rfb8 18.
Kh1 Qd8 19. Rg1 Nh7 20. h5 Qh4 21. Rg3 Rxa1+ 22. Bxa1 Ng5 23. hxg6 f5 24. c5+ d5 25. Nxd5 cxd5 26. Qxd5+ Kh8 27. Qxd7 Rf8 28. Rxg5 Qxg5 29. Bxe5 Qc1+ 30. Kg2 Qg5+ 31. Bg4 1-0

[Event "European Rapid Championship 2021"]
[Site "Katowice"]
[Date "2021.12.18"]
[Round "2.2"]
[White "Baum, Jonasz"]
[Black "Widelski, Kacper"]
[Result "1-0"]
[ECO "A52"]
[WhiteElo "2343"]
[BlackElo "1884"]
[Annotator "NA"]
[PlyCount "69"]
[EventDate "2021.12.18"]
[EventType "swiss"]
[EventCountry "POL"]
[SourceTitle "playchess.com"]
[Source "ChessBase"]
[SourceQuality "1"]
[TimeControl "900+10"]

1. d4 Nf6 2. c4 e5 3. dxe5 Ng4 4. e3 Nxe5 5. f4 Nec6 6. Nc3 Bb4 7. Bd2 O-O 8. Nf3 d6 9. Bd3 Nd7 10. O-O f5 11. Nd5 Bxd2 12. Qxd2 Nc5 13. Bc2 a5 14. a3 a4 15. Rad1 Ne7 16. Nc3 Be6 17. Qe2 Kh8 18. Nd4 Bd7 19. Ndb5 Ng8 20. Nd4 g6 21. e4 Nh6 22. e5 Re8 23. Rfe1 dxe5 24. fxe5 Qg5 25. Nf3 Qh5 26. Nd5 Bc6 27. Nxc7 Rac8 28. Nxe8 Rxe8 29. Qf2 Ne4 30. Qh4 Qxh4 31. Nxh4 Rxe5 32. Nf3 Rc5 33. Rd8+ Kg7 34. Nd4 Rxc4 35. Bd3 1-0

[Event "European Rapid Championship 2021"]
[Site "Katowice"]
[Date "2021.12.18"]
[Round "2.3"]
[White "Malinowski, Damian"]
[Black "Piesik, Piotr"]
[Result "0-1"]
[ECO "A10"]
[WhiteElo "1885"]
[BlackElo "2342"]
[Annotator "ChessBase"]
[PlyCount "96"]
[EventDate "2021.12.18"]
[EventType "swiss"]
[EventCountry "POL"]
[SourceTitle "playchess.com"]
[Source "ChessBase"]
[SourceQuality "1"]
[TimeControl "900+10"]

1. c4 g6 2. Nc3 Bg7 3. g3 Nc6 4. Bg2 d6 5. e4 Nd4 6. d3 c5 7. h3 e6 8. Nge2 Ne7 9. O-O O-O 10. Be3 Rb8 11. Qd2 Re8 12. Bh6 Bh8 13.
Nxd4 cxd4 14. Ne2 b5 15. b3 d5 16. exd5 exd5 17. cxb5 Rxb5 18. g4 Nc6 19. Rac1 Bb7 20. Rfe1 Bg7 21. Bxg7 Kxg7 22. Qf4 Qf6 23. Qxf6+ Kxf6 24. Nf4 Rxe1+ 25. Rxe1 Nb4 26. a4 Rc5 27. Re8 a5 28. h4 h6 29. Ne2 Nxd3 30. Nxd4 Rc1+ 31. Kh2 Nxf2 32. Kg3 Ne4+ 33. Bxe4 dxe4 34. Rb8 Rc3+ 35. Kf2 Bd5 36. Rb5 Ke5 37. Ne2 Rf3+ 38. Ke1 Rxb3 39. Rxa5 e3 40. Ng3 Kd4 41. Rb5 Ra3 42. Ne2+ Kc4 43. Nf4 Bf3 44. Rb1 Rxa4 45. Rc1+ Kd4 46. g5 hxg5 47. hxg5 Ke4 48. Nh3 Bg4 0-1

[Event "European Rapid Championship 2021"]
[Site "Katowice"]
[Date "2021.12.18"]
[Round "2.4"]
[White "Savicevs, Arsenijs"]
[Black "Keinanen, Toivo"]
[Result "0-1"]
[ECO "A09"]
[WhiteElo "1881"]
[BlackElo "2341"]
[Annotator "NA"]
[PlyCount "42"]
[EventDate "2021.12.18"]
[EventType "swiss"]
[EventCountry "POL"]
[SourceTitle "playchess.com"]
[Source "ChessBase"]
[SourceQuality "1"]
[TimeControl "900+10"]

1. Nf3 d5 2. c4 d4 3. b4 Bg4 4. Bb2 Bxf3 5. gxf3 e5 6. Rg1 Ne7 7. Bg2 c6 8. d3 Ng6 9. a3 Nd7 10. Nd2 Be7 11. Ne4 O-O 12. Qb3 a5 13.
c5 b6 14. cxb6 Nxb6 15. Rc1 axb4 16. axb4 Nd5 17. Nc5 Rb8 18. Rc4 Nxb4 19. Rxb4 Qa5 20. Bc3 dxc3 21. Rxb8 c2+ 0-1

[Event "European Rapid Championship 2021"]
[Site "Katowice"]
[Date "2021.12.18"]
[Round "2.5"]
[White "Wojciechowski, Pawel"]
[Black "Papasimakopoulos, Alexandros"]
[Result "1/2-1/2"]
[ECO "A81"]
[WhiteElo "1867"]
[BlackElo "2274"]
[Annotator "ChessBase"]
[PlyCount "116"]
[EventDate "2021.12.18"]
[EventType "swiss"]
[EventCountry "POL"]
[SourceTitle "playchess.com"]
[Source "ChessBase"]
[SourceQuality "1"]
[TimeControl "900+10"]

1. d4 f5 2. g3 Nf6 3. Bg2 g6 4. Nf3 Bg7 5. O-O O-O 6. b3 Ne4 7. Bb2 c5 8.
Nbd2 Nc6 9. Nxe4 fxe4 10. Ne5 Nxd4 11. e3 Nf3+ 12. Bxf3 exf3 13. Qd5+ e6 14. Qd6 Rf5 15. Rad1 Qg5 16. Nc4 Bxb2 17. Nxb2 Qg4 18. Nd3 Qh3 19. Ne1 b6 20. e4 Rf7 21. Rd3 Ba6 22. c4 Bb7 23. Rxf3 Rxf3 24. Nxf3 Bxe4 25. Qf4 d5 26. Qf7+ Kxf7 27. Ng5+ Kf6 28. Nxh3 dxc4 29. bxc4 Bd3 30. Rc1 e5 31. f4 e4 32. Nf2 Rd8 33. Ng4+ Ke6 34. Kf2 h5 35. Ne5 g5 36. Ke3 gxf4+ 37. gxf4 Rg8 38. Nxd3 exd3 39. Kxd3 Rg2 40. Re1+ Kf6 41. Re2 Rg4 42. Ke4 Rg1 43. Rd2 Rf1 44. Rd6+ Ke7 45. Rh6 Rc1 46. Rxh5 Rxc4+ 47. Ke5 Ra4 48. Rh7+ Ke8 49. Ke6 Kf8 50. f5 Rxa2 51. f6 Re2+ 52. Kf5 c4 53. Rxa7 Rxh2 54. Ra8+ Kf7 55. Ra7+ Ke8 56. Ra8+ Kd7 57. f7 Rf2+ 58. Kg6 Kd6 1/2-1/2

[Event "European Rapid Championship 2021"]
[Site "Katowice"]
[Date "2021.12.18"]
[Round "2.6"]
[White "Bjerre, Jonas Buhl"]
[Black "Tarczykowski, Janusz"]
[Result "1-0"]
[ECO "B04"]
[WhiteElo "2330"]
[BlackElo "1871"]
[Annotator "ChessBase"]
[PlyCount "137"]
[EventDate "2021.12.18"]
[EventType "swiss"]
[EventCountry "POL"]
[SourceTitle "playchess.com"]
[Source "ChessBase"]
[SourceQuality "1"]
[TimeControl "900+10"]

1. e4 Nf6 2. e5 Nd5 3. d4 d6 4. Nf3 dxe5 5. Nxe5 c6 6. Bd3 Nd7 7. Nf3 g6 8. O-O Bg7 9. Re1 O-O 10. a3 b5 11. a4 b4 12. a5 c5 13. Bc4 e6 14. Bg5 Qc7 15. Bxd5 exd5 16. Be7 Re8 17. dxc5 Ne5 18. Nxe5 Rxe7 19. Nd3 Bf5 20. Rxe7 Qxe7 21. Nxb4 Qxc5 22. Qxd5 Re8 23. Qd2 Bxb2 24. Ra4 Bd4 25. g4 Bxg4 26. Nd3 Qb5 27. Rb4 Qd7 28. Qf4 Bh3 29. Rxd4 Qb7 30. f3 Qxb1+ 31. Kf2 Qf1+ 32. Kg3 Qg2+ 33. Kh4 Bf5 34. Qg3 Qe2 35. Qf4 f6 36. Kg3 Bxd3 37. cxd3 Qe1+ 38. Kh3 Qf1+ 39. Kg3 Qg1+ 40. Kh3 g5 41. Qg4 Qf1+ 42. Qg2 Qe1 43. Qa2+ Kh8 44. Re4 Rxe4 45. dxe4 Qh4+ 46. Kg2 Qf4 47. Qf7 Qd2+ 48. Kh3 Qd6 49. Qxa7 h5 50. Qe3 Qd7+ 51. Kg2 h4 52. Qc3 Qd6 53. Qb2 Qa6 54. Qd2 Kg7 55. e5 Kg6 56. Qc2+ f5 57. Qd2 Kh5 58. h3 Qb5 59. Qe1 Qb2+ 60.
Kh1 Qa3 61. Qe2 Qxa5 62. e6 Qa1+ 63. Kg2 Qa8 64. e7 Qe8 65.
Qe6 f4 66. Kh2 g4 67. Qf5+ Kh6 68. Qf8+ Kh7 69. Qxe8 1-0

[Event "European Rapid Championship 2021"]
[Site "Katowice"]
[Date "2021.12.18"]
[Round "2.7"]
[White "Seemann, Jakub"]
[Black "Druckenthaner, Andreas"]
[Result "1/2-1/2"]
[ECO "A85"]
[WhiteElo "1862"]
[BlackElo "2291"]
[Annotator "ChessBase"]
[PlyCount "89"]
[EventDate "2021.12.18"]
[EventType "swiss"]
[EventCountry "POL"]
[SourceTitle "playchess.com"]
[Source "ChessBase"]
[SourceQuality "1"]
[TimeControl "900+10"]

1. d4 f5 2. c4 Nf6 3. Nc3 e6 4. Nf3 d6 5. g3 g6 6. Bg2 Bg7 7. O-O O-O 8. b3 Ne4 9. Bb2 Nxc3 10. Bxc3 Nc6 11. Qc2 e5 12. dxe5 dxe5 13. Rad1 Qe7 14. e4 f4 15. Rd5 Be6 16. Rb5 b6 17. Qb2 a6 18. Rd5 Bxd5 19. exd5 Nd4 20. Nxd4 exd4 21. Bxd4 Rae8 22. Bh3 Bxd4 23. Qxd4 Qe5 24. Qd2 Rf6 25. Be6+ Rfxe6 26. dxe6 Rxe6 27. gxf4 Qf5 28. Qd8+ Kg7 29. Qxc7+ Kh6 30. f3 Re2 31. Rf2 Qb1+ 32. Kg2 Rxf2+ 33. Kxf2 Qxa2+ 34. Kg3 Qxb3 35. Qe7 Qc3 36. Qf8+ Kh5 37. Qe7 Kh6 38. Kh4 Qb2 39. Qf8+ Qg7 40. Qd6 Qf7 41. Qe5 Qf5 42. Qb8 g5+ 43. fxg5+ Qxg5+ 44. Kh3 Qf5+ 45. Kg3 1/2-1/2

[Event "European Rapid Championship 2021"]
[Site "Katowice"]
[Date "2021.12.18"]
[Round "2.8"]
[White "Milanowski, Jan"]
[Black "Szpar, Milosz"]
[Result "0-1"]
[ECO "A48"]
[WhiteElo "1858"]
[BlackElo "2315"]
[Annotator "ChessBase"]
[PlyCount "80"]
[EventDate "2021.12.18"]
[EventType "swiss"]
[EventCountry "POL"]
[SourceTitle "playchess.com"]
[Source "ChessBase"]
[SourceQuality "1"]
[TimeControl "900+10"]

1. d4 Nf6 2. Nf3 g6 3. Bf4 Bg7 4. c3 b6 5. e3 Bb7 6. h3 O-O 7. Be2 d6 8. O-O Nbd7 9. Nbd2 c5 10. Bh2 Qc7 11. a4 a6 12. Re1 Bc6 13.
Qb3 Qb7 14. Bf1 b5 15. axb5 axb5 16. Rxa8 Rxa8 17. Ng5 c4 18. Qc2 h6 19. Ngf3 Ne4 20. Nxe4 Bxe4 21. Qc1 e5 22. Nd2 Bc6 23. f3 h5 24. Qc2 Ra2 25. f4 f5 26. fxe5 dxe5 27. Nxc4 bxc4 28. Bxc4+ Bd5 29. Bxa2 Bxa2 30. Ra1 Bd5 31. Qe2 Be4 32. Bg3 Kh7 33. b4 f4 34. Be1 fxe3 35. Qxe3 exd4 36. cxd4 Bxg2 37. Ra2 Bd5 38. Ra5 Bh1 39. Qg3 Nf6 40. Rg5 Ne4 0-1

[Event "European Rapid Championship 2021"]
[Site "Katowice"]
[Date "2021.12.18"]
[Round "2.9"]
[White "Kozak, Antoni"]
[Black "Krawczyk, Wojciech"]
[Result "1-0"]
[ECO "D00"]
[WhiteElo "2356"]
[BlackElo "1868"]
[Annotator "ChessBase"]
[PlyCount "127"]
[EventDate "2021.12.18"]
[EventType "swiss"]
[EventCountry "POL"]
[SourceTitle "playchess.com"]
[Source "ChessBase"]
[SourceQuality "1"]
[TimeControl "900+10"]

1. d4 d5 2. Bf4 Nf6 3. e3 e6 4. Nd2 c5 5. c3 Nc6 6. Ngf3 Bd6 7. Bg3 O-O 8. Bd3 Nh5 9. Ne5 g6 10. Nxc6 bxc6 11. Bxd6 Qxd6 12. Qa4 c4 13. Be2 Nf6 14. b3 cxb3 15. axb3 Bd7 16. Qa3 Qc7 17. O-O a5 18. c4 Rfb8 19. Rfc1 Kg7 20. cxd5 exd5 21. Rc5 Ne8 22. Rxa5 Rxa5 23. Qxa5 Qxa5 24. Rxa5 Rb7 25. Bd3 Nd6 26. Kf1 f6 27. Ke2 Kf7 28. Kd1 Bf5 29. Bxf5 Nxf5 30. Ra6 Ne7 31. Kc2 Ke6 32. Nf3 Kd7 33. Ne1 Nf5 34. Nd3 Rc7 35. Nc5+ Ke7 36. Ra8 Nh4 37. g3 Nf3 38. h4 Nh2 39. Kd3 Ng4 40. f3 Nh6 41. g4 Nf7 42. Kc3 g5 43.
h5 Nh6 44. Rh8 Kd6 45. e4 Re7 46. Kd3 Kc7 47. Rf8 Rf7 48. exd5 cxd5 49. Ra8 Kc6 50. Ra6+ Kb5 51. Rd6 Kb4 52. Rb6+ Ka3 53. Kc3 Ka2 54. Kc2 Ka3 55. Kc3 Ka2 56. b4 Ng8 57. b5 f5 58. Ra6+ Kb1 59. b6 fxg4 60.
fxg4 Nf6 61. b7 Rxb7 62. Nxb7 Nxg4 63. Nc5 Nf2 64. Rh6 1-0